 Dungeon Crawl Stone Soup version 0.26.1-11-gd32895ea62 (webtiles) character file.

Game seed: 10597927678493381287

445 Happyhead the Conjurer (level 6, 0/47 HPs)
             Began as a Draconian Conjurer on June 3, 2021.
             Slain by an orc warrior
             ... wielding a +0 dire flail
              (17 damage)
             ... on level 5 of the Dungeon.
             The game lasted 00:25:21 (4388 turns).

Happyhead the Conjurer (Draconian Conjurer)         Turns: 4388, Time: 00:25:21

Health: 0/47       AC:  9    Str: 15    XL:     6   Next: 72%
Magic:  0/10       EV: 12    Int: 20    God:
Gold:   254        SH:  0    Dex: 10    Spells: 8/11 levels left

rFire    . . .     SeeInvis .   c - +3 whip
rCold    . . .     Faith    .   (no shield)
rNeg     . . .     Spirit   .   (armour unavailable)
rPois    .         Reflect  .   (helmet restricted)
rElec    .         Harm     .   a - +1 cloak
rCorr    .         Rampage  .   g - +0 pair of gloves
Will     .....                  (no boots)
Stlth    ++........             (no amulet)
HPRegen  0.15/turn              k - +6 ring of strength
MPRegen  0.12/turn              (no ring)

@: no status effects
A: unfitting armour, cold-blooded, AC +6
a: no special abilities


You were on level 5 of the Dungeon.
You visited 1 branch of the dungeon, and saw 5 of its levels.

You collected 254 gold pieces.

Inventory:

Hand Weapons
 c - a +3 whip (weapon)
 f - a +0 short sword
Armour
 a - a +1 cloak (worn)
 g - a +0 pair of gloves (worn)
Jewellery
 k - a +6 ring of strength (left hand)
Scrolls
 d - a scroll of fog {unknown}
 e - a scroll of blinking
Potions
 b - a potion of invisibility
 h - a potion of magic
 j - a potion of degeneration
 l - a potion of haste
 m - a potion of curing {unknown}


   Skills:
 + Level 1.5 Fighting
 + Level 2.7 Maces & Flails
 + Level 2.9 Dodging
 + Level 2.9 Stealth
 + Level 0.4 Unarmed Combat
 + Level 3.1 Spellcasting
 + Level 5.6 Conjurations


You had 8 spell levels left.
You knew the following spells:

 Your Spells              Type           Power        Failure   Level
a - Magic Dart            Conj           100%         1%          1
b - Searing Ray           Conj           50%          2%          2

Your spell library contained the following spells:

 Spells                   Type           Power        Failure   Level
 Dazzling Flash           Conj/Hex       28%          13%         3
 Fulminant Prism          Conj/Hex       7%           41%         4
 Iskenderun's Mystic Bla  Conj/Tloc      14%          41%         4


Dungeon Overview and Level Annotations

Branches:
Dungeon (5/15)
 Temple: D:4-7

Altars:

Portals:
Sewer: D:5

Annotations:
D:5 Prince Ribbit


Innate Abilities, Weirdness & Mutations

Your plain brown scales are hard. (AC +6)
You cannot fit into any form of body armour.
You are cold-blooded and may be slowed by cold attacks.


Message History

You don't have enough magic to cast that spell.
Unknown command.
You hit the orc warrior.
You tail-slap the orc warrior, but do no damage.
The orc warrior is heavily wounded.
The orc warrior hits you but does no damage.
You barely miss the orc warrior.
Your tail-slap misses the orc warrior.
The orc warrior is heavily wounded.
Prince Ribbit blinks!
The orc warrior hits you with a +0 dire flail!!
Casting: Searing Ray (safe; 2% risk of failure)
Confirm with . or Enter, or press ? or * to list all spells.
Aiming: Magic Dart (safe; 1% risk of failure)
Press: ? - help, Shift-Dir - straight line, f - orc warrior
Aim: an orc warrior, wielding a +0 dire flail and wearing a +0 chain mail (heavily wounded, 0% to evade)
The magic dart hits the orc warrior.
The orc warrior is severely wounded.
Prince Ribbit blinks!
The orc warrior hits you with a +0 dire flail!
You die...

...=### ######
....... #....#
.###### #....#
.#≈≈≈≈≈ #<...+
.#S≈∩≈≈
..!#....####.#SB≈≈≈
#.......>.....######
#.######..##.....F..
#..@o.[)§)...
##.###..#.##. #.#
#.# # #.# ... #.#
#.## #.# .. #. #.#
#. ..


You could see Prince Ribbit, an orc warrior, 2 adders and a giant cockroach.

Vanquished Creatures
  An ogre (D:3)
  A scorpion (D:4)
  A howler monkey (D:3)
  An orc priest (D:3)
  3 worker ants (D:4)
  8 adders
  An ooze (D:3)
  A worm (D:4)
  2 dart slugs
  2 leopard geckos
  11 orcs
  9 bats
  3 giant cockroaches
  5 hobgoblins
  4 jackals
  A quokka (D:3)
  8 frilled lizards
  3 goblins
  6 kobolds
  A leopard gecko skeleton (D:4)
  15 rats
87 creatures vanquished.

Vanquished Creatures (others)
  A plant (D:5)
1 creature vanquished.

Grand Total: 88 creatures vanquished

Notes
Turn   | Place    | Note
-------+----------+-------------------------------------------
     0 | D:1      | Happyhead the Draconian Conjurer began the quest for the
                  | Orb.
     0 | D:1      | Reached XP level 1. HP: 14/14 MP: 3/3
   323 | D:1      | Reached XP level 2. HP: 20/20 MP: 3/5
   572 | D:1      | Learned a level 2 spell: Searing Ray
  1273 | D:2      | Reached XP level 3. HP: 26/26 MP: 3/6
  2018 | D:2      | Reached skill level 1 in Maces & Flails
  2018 | D:2      | Reached skill level 5 in Conjurations
  2018 | D:2      | Reached XP level 4. HP: 28/33 MP: 2/7
  2453 | D:3      | Reached XP level 5. HP: 21/39 MP: 4/8
  2679 | D:3      | Noticed an ogre
  2691 | D:3      | Killed an ogre
  2692 | D:3      | Reached skill level 1 in Fighting
  2760 | D:3      | Reached XP level 6. HP: 39/47 MP: 4/10
  4362 | D:5      | Entered Level 5 of the Dungeon
  4371 | D:5      | Found a glowing drain.
  4372 | D:5      | Noticed an orc warrior
  4373 | D:5      | Noticed Prince Ribbit
  4388 | D:5      | Slain by an orc warrior

Illustrated notes

Levels and vault maps discovered:
D:1:      sevenhm_arrival_forest_fort_large_2, layout_loops_ring
D:2:      layout_loops_ring, minmay_rat_gold_closets
D:3:      layout_loops_ring
D:4:      layout_rooms
D:5:      cheibrodos_fzero, layout_basic, gup_sewer_entry_glass, basic_altar,
          serial_bayou_lake_a, uniq_prince_ribbit1, uniq_blork_the_orc

Skill      XL: |  1  2  3  4  5  6 |
---------------+-------------------+-----
Dodging        | 2 |  2.9
Stealth        | 2 |  2.9
Maces & Flails | 1 2 |  2.7
Conjurations   | 5 |  5.6
Fighting       | 1 |  1.5
Spellcasting   | 3 |  3.1
Unarmed Combat | |  0.4

Action                   |  1- 3 |  4- 6 || total
-------------------------+-------+-------++-------
Melee: Unarmed           |    19 |       ||    19
       Whip              |    22 |    30 ||    52
       Tailslap          |     2 |     3 ||     5
 Cast: Magic Dart        |    59 |    46 ||   105
       Searing Ray       |     3 |    13 ||    16
  Use: Scroll            |       |    13 ||    13
 Stab: Sleeping          |     3 |     1 ||     4
Armor: Skin              |    13 |    14 ||    27
Dodge: Dodged            |    25 |    31 ||    56
